 Dungeon Crawl Stone Soup version 0.18-a0-1800-gdc7a371 (webtiles) character file.

169 Murumi the Slasher (level 5, -6/41 HPs)
             Began as a Formicid Abyssal Knight on Apr 24, 2016.
             Was a Priest of Lugonu.
             Killed by nerve-wracking pain
             ... invoked by Grinder
              (9 damage)
             ... on level 3 of the Dungeon.
             The game lasted 00:11:15 (2326 turns).

Murumi the Slasher (Formicid Abyssal Knight)        Turns: 2326, Time: 00:11:16

Health: -6/41      AC:  9    Str: 22    XL:     5   Next: 79%
Magic:  7/7        EV:  8    Int: 12    God:    Lugonu [***...]
Gold:   155        SH:  0    Dex: 10    Spells: 0 memorised, 4 levels left

rFire  . . .     SeeInvis +     a - +1 falchion
rCold  . . .     Gourm    .     h - +0 chain mail
rNeg   . . .     Faith    .     (no shield)
rPois  .         Spirit   .     (helmet unavailable)
rElec  .         Dismiss  .     (no cloak)
rCorr  .         Reflect  .     i - +0 pair of gloves
SustAt .         Harm     .     (no boots)
MR     .....                    (no amulet)
Stlth  ..........               (no ring)
                                (no ring)

@: mighty, not resistant to hostile enchantments, extremely unstealthy
A: permanent stasis, dig shafts and tunnels, four strong arms, antennae 3,
blurry vision 1, mutation resistance 1
a: Dig, Shaft Self, Depart the Abyss, Bend Space, Banish, Renounce Religion


You were on level 3 of the Dungeon.
You worshipped Lugonu.
Lugonu was most pleased with you.
You were not hungry.

You visited 1 branch of the dungeon, and saw 4 of its levels.
You visited the Abyss 1 time.

You collected 155 gold pieces.

Inventory:

Hand Weapons
 a - a +1 falchion (weapon)
Armour
 h - a +0 chain mail (worn)
 i - a +0 pair of gloves (worn)
Scrolls
 m - a scroll of recharging
Potions
 f - a potion of magic
 j - a potion of heal wounds {unknown}
 k - a potion of invisibility {unknown}
Comestibles
 b - 3 meat rations
 c - 3 bread rations


   Skills:
 - Level 3.2 Fighting
 - Level 5.1 Long Blades
 + Level 2.2 Armour
 - Level 1.0 Dodging
 - Level 3.0 Invocations


You had 4 spell levels left.
You didn't know any spells.

Dungeon Overview and Level Annotations

Branches:
Dungeon (4/15)
 Temple: D:4-7

Altars:
Dithmenos
Nemelex Xobeh

Annotations:
D:3 Grinder, Jessica


Innate Abilities, Weirdness & Mutations

You are under a permanent stasis effect.
You can dig through walls and to a lower floor.
Your four strong arms can wield two-handed weapons with a shield.
You have a pair of large antennae on your head (SInv).
Scrolls take you a little longer to read.
You are somewhat resistant to further mutation.


Message History

Grinder is heavily wounded.
Grinder gestures at you.
You struggle to resist.
You closely miss Grinder.
Grinder is heavily wounded.
Grinder gestures at you.
Your stasis keeps you stable.
You barely miss Grinder.
Grinder is heavily wounded.
Grinder hits you but does no damage.
You hit Grinder.
Grinder is heavily wounded.
Grinder hits you.
* * * LOW HITPOINT WARNING * * *
Grinder hits you but does no damage.
You hit Grinder but do no damage.
Grinder is heavily wounded.
Grinder gestures at you. Pain shoots through your body!
You die...

..####.# #...# .......#
#.####.... ..# { # #.. ###
{ #.#.# ### #.#.# ...
####.#.#
##############.####.##.#.#
.<.(...........5@.[#.#.#.#
.[.........##..........#.#
.####.### #..####.....#.#
.# #.# .... # #.#..#..# .#
#.###### #...#...#.# .#
#.##.. #.#####...# .#
#.##.# #...#...### .#
#.##.# # #.#..## .# #.##.#
#.####....#


You could see Grinder.

Vanquished Creatures
  A hound (D:3)
  Ijyb (D:3)
  3 adders
  An ooze (D:1)
  2 worms
  2 dart slugs
  4 giant geckos
  2 orcs (D:3)
  2 giant cockroaches
  11 goblins
  6 hobgoblins
  8 jackals
  8 kobolds
  4 bats
  4 giant newts
  8 rats (D:1)
67 creatures vanquished.

Notes
Turn   | Place    | Note
--------------------------------------------------------------
     0 | Abyss:1  | Murumi the Formicid Abyssal Knight began the quest for the Orb.
     0 | Abyss:1  | Reached XP level 1. HP: 18/18 MP: 2/2
     0 | Abyss:1  | Found a corrupted altar of Lugonu.
     7 | D:1      | Escaped the Abyss
    17 | D:1      | Reached skill level 1 in Dodging
   181 | D:1      | Reached XP level 2. HP: 17/24 MP: 3/3
   385 | D:1      | Reached skill level 3 in Long Blades
   491 | D:1      | Reached ** piety under Lugonu
   491 | D:1      | Reached XP level 3. HP: 29/29 MP: 4/4
  1084 | D:2      | You fall through a shaft for 2 floors!
  1084 | D:4      | Noticed an ogre
  1084 | D:4      | Noticed an ogre
  1128 | D:3      | Reached skill level 4 in Long Blades
  1128 | D:3      | Reached XP level 4. HP: 24/35 MP: 5/5
  1514 | D:2      | Reached XP level 5. HP: 40/41 MP: 7/7
  1689 | D:2      | Found a sparkling altar of Nemelex Xobeh.
  1748 | D:2      | Reached *** piety under Lugonu
  1811 | D:2      | Found a faded altar to an unknown god.
  1935 | D:3      | Noticed Jessica
  2023 | D:3      | Found a shadowy altar of Dithmenos.
  2240 | D:3      | Noticed Ijyb
  2261 | D:3      | Killed Ijyb
  2261 | D:3      | Reached skill level 5 in Long Blades
  2281 | D:3      | Noticed Grinder
  2318 | D:3      | Gained mutation: You are somewhat resistant to further mutation. [potion of mutation]
  2318 | D:3      | Gained mutation: Scrolls take you a little longer to read. [potion of mutation]
  2326 | D:3      | Killed from afar by Grinder

Vault maps used:
D:1:      mrwooster_arrival_statue_2, minivault_26, supply_closet_lemuel,
          st_stairs_1
D:2:      nemelex_altar_shiori, ecumenical_altar_2, first_bread
D:3:      nicolae_overflow_crystal_walls, uniq_iyjb, uniq_jessica, uniq_grinder
D:4:      grunt_temple_overflow_open, serial_curves, eino_curves_04,
          eino_curves_02, eino_curves_04, eino_curves_01

Skill      XL: |  1  2  3  4  5 |
---------------+----------------+-----
Dodging        | 1 |  1.0
Long Blades    | 3 4 5 |  5.1
Invocations    | 3 |  3.0
Fighting       | |  3.2
Armour         | |  2.2

Action                   |  1- 3 |  4- 6 || total
-------------------------+-------+-------++-------
Melee: Falchion          |    95 |   161 ||   256
Invok: Bend Space        |     3 |       ||     3
 Abil: Dig               |     2 |       ||     2
  Use: Scroll            |     4 |     3 ||     7
       Potion            |       |     2 ||     2
  Eat: Chunk             |     1 |     4 ||     5
Armor: Leather armour    |     8 |       ||     8
       Ring mail         |    20 |    22 ||    42
       Scale mail        |       |    25 ||    25
       Chain mail        |       |    21 ||    21
Dodge: Dodged            |    67 |    55 ||   122
